Map: Old Republic LE

Players

Fjant - Winner!

  • Race: Zerg Zerg
  • League: Grandmaster
  • Spawn Location: 1:00

Harstem

  • Race: Protoss Protoss
  • League: Grandmaster
  • Spawn Location: 7:00

VOD

Have the link to the VOD?

Description

Time

  • Played on: Jan. 31, 2026, 11:09 a.m.
  • Length: 36:49
Show
View Real Time Build Order
Export as new Build Order

Fjant Zerg - Winner!

Build Orders: Hatch First 

Get SALT Encoding   

  12  0:00  Drone  
  13  0:08  Drone  
  14  0:14  Extractor  
  14  0:15  Drone  
  15  0:22  Overlord  
  15  0:42  Drone  
  16  0:46  Hatchery  
  15  0:50  Drone  
  15  0:53  Drone  
  15  0:56  Drone  
  18  1:07  Extractor  
  17  1:12  Spawning Pool  
  17  1:15  Drone  
  17  1:18  Drone  
  18  1:26  Drone  
  19  1:39  Drone  
  20  1:49  Drone  
  21  1:58  Queen  
  21  1:59  Queen  
  21  2:00  Zergling x2  
  21  2:01  Overlord  
  26  2:10  Metabolic Boost  
  26  2:12  Drone  
  27  2:16  Drone  
  27  2:20  Drone x2  
  30  2:30  Drone  
  30  2:35  Hatchery  
  30  2:42  Drone  
  30  2:43  Overlord  
  31  2:48  Queen  
  31  2:51  Zergling x2  
  34  2:52  Zergling x2  
  34  2:56  Zergling x2  
  36  3:05  Zergling x2  
  36  3:09  Drone  
  37  3:15  Drone x2  
  37  3:17  Queen  
  37  3:19  Drone x2  
  43  3:20  Overlord  
  43  3:23  Overlord  
  43  3:34  Overlord  
  43  3:39  Drone  
  43  3:41  Queen  
  44  3:42  Overlord  
  44  3:43  Drone x2  
  44  3:45  Drone  
  44  3:48  Overlord  
  49  3:52  Drone x2  
  49  3:53  Drone x2  
  49  3:55  Drone  
  54  3:59  Spore Crawler  
  54  4:00  Drone  
  54  4:08  Drone x3  
  57  4:13  Spore Crawler  
  56  4:18  Drone x2  
  56  4:19  Overlord  
  56  4:22  Roach Warren, Spore Crawler  
  56  4:23  Drone  
  57  4:24  Drone  
  57  4:28  Zergling x2  
  57  4:29  Zergling x4  
  61  4:32  Drone x2  
  61  4:45  Drone  
  61  4:46  Drone x4  
  61  4:47  Overlord  
  61  4:49  Drone  
  61  4:51  Drone  
  61  4:52  Drone x3  
  71  4:55  Drone  
  71  4:58  Lair  
  72  5:00  Extractor, Drone x2  
  72  5:02  Drone, Extractor  
  72  5:03  Drone  
  72  5:04  Drone  
  72  5:05  Drone  
  76  5:18  Hatchery  
  76  5:19  Zergling x2  
  76  5:20  Drone x5  
  80  5:21  Drone x2  
  80  5:26  Drone x3  
  84  5:31  Drone  
  84  5:34  Overlord  
  84  5:38  Evolution Chamber, Extractor  
  84  5:39  Extractor  
  84  5:41  Drone x2  
  84  5:42  Extractor  
  82  5:45  Roach x6  
  94  5:54  Overlord  
  94  5:55  Roach x4  
  102  5:59  Overlord  
  102  6:02  Glial Reconstitution  
  102  6:04  Roach  
  102  6:08  Overlord  
  102  6:09  Overlord  
  104  6:12  Overlord  
  104  6:16  Overlord  
  104  6:17  Roach x3  
  110  6:18  Zerg Missile Weapons Level 1  
  110  6:20  Roach  
  110  6:23  Roach x2  
  116  6:27  Roach x2  
  116  6:29  Roach x2  
  116  6:31  Roach  
  126  6:40  Roach x4  
  126  6:41  Pneumatized Carapace  
  126  6:45  Roach x3  
  140  6:49  Roach x2  
  143  6:55  Roach x4  
  143  6:56  Drone x2  
  152  7:07  Roach  
  152  7:08  Roach x2  
  158  7:13  Roach  
  160  7:20  Overlord x3  
  160  7:21  Overlord  
  159  7:35  Roach  
  158  7:42  Roach x8  
  173  7:46  Roach x5  
  173  7:47  Roach x2  
  173  7:54  Roach  
  173  7:55  Roach x8  
  173  7:58  Roach x2  
  180  8:03  Roach x4  
  174  8:06  Roach  
  174  8:10  Roach x3  
  174  8:12  Ravager x2  
  172  8:13  Zergling x6  
  172  8:14  Zergling x2, Ravager  
  172  8:15  Ravager  
  178  8:22  Roach  
  178  8:23  Roach x3  
  178  8:25  Roach x2  
  180  8:35  Roach x6  
  189  8:47  Roach x5  
  187  8:52  Roach  
  187  8:53  Roach x2  
  183  8:56  Roach x2  
  183  9:04  Overlord  
  183  9:05  Drone x2  
  183  9:13  Zergling x10  
  184  9:22  Roach x4  
  174  9:29  Ravager x3  
  174  9:35  Roach x4  
Show
View Real Time Build Order
Export as new Build Order

Harstem Protoss 

Build Orders: 1 Gate Expand, Oracle Opening, Archon Immortal 

Get SALT Encoding   

  12  0:00  Probe  
  13  0:12  Probe  
  14  0:17  Pylon  
  14  0:24  Probe  
  15  0:32  Probe  
  15  0:37  Gateway  
  15  0:40  Probe  
  16  0:46  Assimilator  
  17  0:50  Probe  
  18  1:03  Probe  
  19  1:15  Probe  
  20  1:22  Nexus  
  20  1:32  Cybernetics Core  
  20  1:34  Probe  
  21  1:41  Assimilator  
  21  1:46  Probe  
  22  1:49  Pylon  
  22  1:58  Adept  
  22  1:59  Probe  
  25  2:11  Probe  
  26  2:18  Adept  
  26  2:20  Stargate  
  26  2:23  Probe  
  29  2:35  Probe  
  29  2:36  Probe  
  31  2:43  Warp Gate  
  31  2:47  Probe  
  31  2:48  Probe, Stalker  
  35  2:59  Probe  
  35  3:00  Probe, Oracle  
  37  3:11  Probe  
  41  3:14  Probe  
  42  3:23  Probe  
  42  3:26  Probe, Pylon  
  44  3:31  Nexus  
  44  3:35  Oracle, Probe  
  44  3:40  Gateway  
  45  3:48  Probe x2  
  50  3:54  Pylon  
  50  4:00  Probe  
  50  4:01  Twilight Council  
  51  4:04  Forge  
  51  4:06  Probe  
  52  4:11  Probe  
  52  4:13  Assimilator  
  52  4:15  Probe  
  53  4:18  Assimilator  
  53  4:19  Probe  
  53  4:23  Probe  
  55  4:26  Gateway  
  55  4:28  Probe, Robotics Facility  
  56  4:32  Probe  
  58  4:38  Probe  
  58  4:41  Probe  
  58  4:42  Probe  
  61  4:50  Probe x3  
  61  4:52  Protoss Ground Weapons Level 1  
  62  4:59  Probe x2, Charge  
  64  5:01  Gateway  
  64  5:03  Probe  
  67  5:07  Pylon  
  67  5:08  Shield Battery  
  67  5:11  Probe  
  69  5:14  Templar Archives  
  69  5:15  Pylon, Probe  
  69  5:19  Zealot x2  
  69  5:21  Probe  
  72  5:23  Probe  
  72  5:27  Probe  
  70  5:29  Probe  
  70  5:30  Immortal  
  70  5:35  Probe  
  70  5:37  Probe  
  70  5:40  Probe  
  70  5:41  Sentry  
  78  5:44  Zealot, Pylon  
  78  5:47  Probe x2  
  82  5:52  Probe  
  83  5:57  Warp Prism  
  83  5:58  High Templar, Assimilator  
  83  5:59  Probe, High Templar  
  83  6:04  Assimilator  
  89  6:06  Archon, Zealot x2  
  89  6:07  Probe  
  89  6:10  Gateway  
  95  6:16  Gateway  
  95  6:18  Gateway  
  95  6:19  Probe x2  
  95  6:21  Photon Cannon  
  98  6:30  High Templar  
  98  6:32  Pylon  
  101  6:34  High Templar  
  101  6:35  Pylon  
  101  6:49  Pylon  
  101  6:50  Probe  
  101  6:51  Zealot x2, Immortal  
  101  6:52  Probe  
  107  7:00  Protoss Ground Weapons Level 2  
  107  7:01  Probe, Psionic Storm  
  112  7:04  High Templar  
  112  7:06  Probe  
  112  7:07  Photon Cannon  
  115  7:10  Pylon  
  115  7:15  High Templar  
  115  7:16  Probe  
  115  7:17  Photon Cannon  
  115  7:18  Zealot x2  
  115  7:19  Zealot x2  
  124  7:22  Immortal  
  124  7:29  Photon Cannon  
  124  7:30  Probe  
  124  7:31  Pylon  
  124  7:33  Zealot  
  131  7:41  Zealot  
  131  7:43  Archon  
  133  7:48  Zealot x5  
  125  7:51  Immortal  
  125  7:56  Zealot  
  116  8:02  Zealot  
  108  8:09  High Templar x2, Zealot x3  
  112  8:17  Immortal  
  112  8:22  Zealot x2  
  114  8:27  Probe, Gateway  
  114  8:30  Zealot x3  
  114  8:31  Gateway  
  116  8:41  Zealot x2  
  116  8:43  Probe  
  116  8:45  Zealot x2  
  107  8:52  Zealot x2  
  107  8:53  Zealot  
  93  8:56  Immortal, Probe  
  93  9:06  Zealot x4  
  101  9:14  Void Ray  
  101  9:17  Zealot x2  
  101  9:23  Zealot x2  
  90  9:31  High Templar x2  
  90  9:32  High Templar x2  
  90  9:36  Archon x2  
  90  9:38  Zealot x2  
Tags
 
Add a new tag
Caveats
  • Supply blocks, unpowered buildings, or Contaminate may cause inaccurate times.
  • Supply counts are checked every 10 seconds.